 Dungeon Crawl Stone Soup version bcrawl-1.21.3 (webtiles) character file.

Game seed: 7607574404663676587

155 funkygono the Skirmisher (level 5, -2/42 HPs)
             Began as a Demonspawn Abyssal Knight on Mar 29, 2020.
             Was a Believer of Lugonu.
             Slain by Pikel
             ... wielding a +1 whip of freezing
              (5 damage)
             ... on level 3 of the Dungeon.
             The game lasted 00:05:29 (3086 turns).

funkygono the Skirmisher (DsAK)                     Turns: 3086, Time: 00:05:29

Health: -2/42      AC: 10    Str: 13    XL:     5   Next: 14%
Magic:  7/7        EV: 10    Int: 13    God:    Lugonu [**....]
Gold:   113        SH:  0    Dex: 13    Spells: 4/4 levels left

rFire    . . .     SeeInvis .   a - +2 mace
rCold    . . .     Gourm    +   (no shield)
rNeg     . . .     Faith    .   k - +0 ring mail
rPois    .         Spirit   .   (helmet restricted)
rElec    .         Reflect  .   (no cloak)
rCorr    .         Harm     .   (no gloves)
MR       .....                  (no boots)
Stlth    +++.......             m - amulet of the gourmand
HPRegen  0.14/turn              g - +3 ring of protection
MPRegen  0.10/turn              r - ring of stealth

@: no status effects
A: horns 1, icy blue scales 1, powered by death 1
a: Depart the Abyss, Bend Space, Banish, Renounce Religion


You were on level 3 of the Dungeon.
You worshipped Lugonu.
Lugonu was pleased with you.
You were very full.

You visited 1 branch of the dungeon, and saw 4 of its levels.
You visited the Abyss 1 time.

You collected 113 gold pieces.

Inventory:

Hand Weapons
 a - a +2 mace (weapon)
Missiles
 c - 10 tomahawks of dispersal (quivered)
 d - 494 stones
Armour
 b - a +0 leather armour
 k - a +0 ring mail (worn)
 n - a +1 helmet
Jewellery
 g - a +3 ring of protection (left hand)
 m - an amulet of the gourmand (around neck)
 r - a ring of stealth (right hand)
 u - an uncursed ring of magical power
Scrolls
 h - a scroll of immolation
 i - a scroll of remove curse
 j - 5 scrolls of teleportation
 s - a scroll of fog
Potions
 f - 2 potions of haste
 o - a potion of resistance
 q - a potion of magic {unknown}
 t - 2 potions of curing
Comestibles
 e - 3 rations {!d}
 l - 3 chunks of flesh


   Skills:
 + Level 4.2 Fighting
 + Level 3.2 Maces & Flails
 + Level 0.8 Throwing
 + Level 2.6 Armour
 + Level 1.3 Dodging
 + Level 3.0 Invocations


You had 4 spell levels left.
You didn't know any spells.
Your spell library was empty.

Dungeon Overview and Level Annotations

Branches:
Dungeon (4/12)
 Temple: D:4-7

Altars:
Cheibriados
Sif Muna

Annotations:
D:3 Pikel


Innate Abilities, Weirdness & Mutations

You have a pair of small horns on your head.
You are partially covered in icy blue scales. (AC +2)
You regenerate a little health from kills.


Message History

You climb downwards.
Level annotation: Pikel The slave hits you.
The slave hits you but does no damage. Pikel misses you. The slave misses you.
The slave hits you. x2
There is a stone staircase leading up here.
Pikel hits you but does no damage.
The slave hits you. x2; The slave hits you!
You climb upwards.
There is a stone staircase leading down here.
Unknown command.
The slave hits you but does no damage.
Pikel hits you with a +1 whip of freezing!
* * * LOW HITPOINT WARNING * * *
Pikel freezes you.
* * * LOW HITPOINT WARNING * * *
The slave closely misses you. The slave hits you but does no damage.
You hit Pikel.
Pikel is lightly wounded.
Pikel hits you with a +1 whip of freezing.
You die...

###.##..≈≈≈≈...####.........#
..#.##..≈≈≈≈...# #..(......#
#.#..<..≈≈≈≈≈..# #####...###
#......≈≈≈≈....# #...#
#####...≈≈≈≈.### #...#
####...P.≈≈..# #...#
#......≈≈≈≈≈.## ######..>#######
#.......≈≈≈≈..####p.......[....##
#.....≈≈≈≈≈P≈.#.@Kp......[)......
#.....P≈≈≈≈≈..#.##.p...........#.
#.....≈P≈≈≈≈..#.######.....#####.
.......≈≈≈≈...#.# #.#...#.# #.
.###.≈P≈≈≈≈≈..#.# #.#...#.# #.
..#..≈≈≈≈≈P[....# ###.#...#.# #.
..#.P.≈≈≈≈≈..######..[.....## #.
....≈≈P≈≈≈≈≈.# #..###...## ##
....≈≈≈≈≈≈≈≈.#####..# #..##


You could see Pikel and 3 slaves.

Vanquished Creatures
  A slave (D:3)
  2 orc wizards (D:3)
  An adder (D:2)
  An ooze (D:1)
  2 worms
  3 dart slugs (D:2)
  3 leopard geckos
  4 orcs
  8 giant cockroaches
  2 goblins (D:1)
  8 hobgoblins
  4 jackals (D:2)
  A quokka (D:3)
  3 bats
  3 frilled lizards
  10 kobolds
  7 rats
63 creatures vanquished.

Notes
Turn   | Place    | Note
-------+----------+-------------------------------------------
     0 | Abyss:1  | funkygono the Demonspawn Abyssal Knight began the quest for
                  | the Orb.
     0 | Abyss:1  | Reached XP level 1. HP: 18/18 MP: 2/2
    62 | Abyss:1  | Noticed a shadow
    66 | D:1      | Escaped the Abyss
   422 | D:1      | Gained mutation: You have a pair of small horns on your
                  | head. [demonic ancestry]
   422 | D:1      | Reached XP level 2. HP: 24/24 MP: 4/4
   466 | D:1      | Reached * piety under Lugonu
  1189 | D:2      | Reached skill level 1 in Dodging
  1189 | D:2      | Reached XP level 3. HP: 21/30 MP: 3/5
  1563 | D:2      | Reached skill level 4 in Fighting
  1733 | D:2      | Found a snail-covered altar of Cheibriados.
  1735 | D:2      | Gained mutation: You regenerate a little health from kills.
                  | [demonic ancestry]
  1735 | D:2      | Reached XP level 4. HP: 37/37 MP: 6/6
  1981 | D:2      | Found a shimmering blue altar of Sif Muna.
  2044 | D:3      | Gained mutation: You are partially covered in icy blue
                  | scales. (AC +2) [demonic ancestry]
  2044 | D:3      | Reached XP level 5. HP: 16/42 MP: 7/7
  2424 | D:3      | Reached ** piety under Lugonu
  3053 | D:4      | Noticed Pikel
  3053 | D:4      | Noticed a slave
  3053 | D:4      | Noticed a slave
  3053 | D:4      | Noticed a slave
  3056 | D:4      | Noticed a slave
  3068 | D:3      | Killed a slave
  3078 | D:3      | HP: 2/42 [Pikel/+1 whip of freezing (5)]
  3086 | D:3      | Slain by Pikel

Skill      XL: |  1  2  3  4 |
---------------+-------------+-----
Armour         | 2 |  2.6
Maces & Flails | 2 3 |  3.2
Dodging        | 1 |  1.3
Invocations    | 3 |  3.0
Fighting       | 4 |  4.2
Throwing       | |  0.8

Action                   |  1- 3 |  4- 6 || total
-------------------------+-------+-------++-------
Melee: Mace              |   107 |    79 ||   186
       Headbutt          |    10 |    16 ||    26
Invok: Depart the Abyss  |     1 |       ||     1
       Bend Space        |     1 |       ||     1
  Use: Scroll            |     6 |     4 ||    10
       Potion            |     1 |       ||     1
  Eat: Chunk             |    15 |     3 ||    18
Armor: Ring mail         |    36 |    42 ||    78
       Leather armour    |     1 |       ||     1
Dodge: Dodged            |    60 |    42 ||   102
